 Seeded DCSS version 0.28-a0-1117-g0bdd5ba030 (webtiles) character file.

Game seed: 16008875487339432128 (custom seed)

91 croobank the Conjurer (level 4, -7/27 HPs)
             Began as an Octopode Conjurer on Dec 11, 2021.
             Was a Believer of Makhleb.
             Mangled by a worm (9 damage)
             ... on level 3 of the Dungeon.
             The game lasted 00:08:10 (3168 turns).

croobank the Conjurer (Octopode Conjurer)           Turns: 3168, Time: 00:08:11

Health: -7/27      AC:  1    Str:  8    XL:     4   Next: 59%
Magic:  8/8        EV: 13    Int: 26    God:    Makhleb [**....]
Gold:   72         SH:  5    Dex: 10    Spells: 2/8 levels left

rFire   . . .      SeeInvis +   b - staff of conjuration
rCold   . . .      Faith    .   (no shield)
rNeg    . . .      Spirit   .   (helmet restricted)
rPois   .          Reflect  +   d - amulet of reflection
rElec   .          Harm     .   a - ring of see invisible
rCorr   .          Rampage  .   i - +6 ring of intelligence
Will    .....                   (no ring)
Stlth   +++.......              (no ring)
HPRegen 0.09/turn               (no ring)
MPRegen 0.11/turn               (no ring)
                                (no ring)
                                (no ring)

@: no status effects
A: almost no armour, amphibious, 8 rings, camouflage 1, gelatinous body 1,
(nimble swimmer 1), tentacles
a: Renounce Religion, Minor Destruction


You were on level 3 of the Dungeon.
You worshipped Makhleb.
Makhleb was pleased with you.
You visited 1 branch of the dungeon, and saw 3 of its levels.

You collected 72 gold pieces.

Inventory:

Missiles
 c - 23 sling bullets
 e - 93 stones
 l - 2 throwing nets
Magical Staves
 b - a staff of conjuration (weapon)
Jewellery
 a - a ring of see invisible (left tentacle)
 d - an amulet of reflection (around mantle)
 i - a +6 ring of intelligence (right tentacle)
Scrolls
 g - a scroll of blinking {blink, unknown}
 h - 2 scrolls of identify {identify, unknown}
 k - a scroll of enchant weapon {enchant weapon, unknown}
 n - a scroll of summoning {summoning, unknown}
Potions
 f - a potion of curing {curing, unknown}
 j - a potion of heal wounds {heal wounds, unknown}
 m - a potion of invisibility {invisibility, unknown}
 o - a potion of might {might, unknown}


   Skills:
 + Level 2.8 Dodging
 + Level 4.1 Stealth
 + Level 2.7 Spellcasting
 + Level 4.5 Conjurations


You had 2 spell levels left.
You knew the following spells:

 Your Spells              Type           Power      Damage    Failure   Level
a - Magic Dart            Conj           100%       1d8       1%          1
b - Searing Ray           Conj           80%        2d7       2%          2
c - Dazzling Flash        Conj/Hex       44%        N/A       12%         3

Your spell library contained the following spells:

 Spells                   Type           Power      Damage    Failure   Level
 Sandblast                Erth           6%         2d5       10%         1
 Passwall                 Tmut/Erth      2%         N/A       14%         2
 Stone Arrow              Conj/Erth      44%        3d9       12%         3
 Fulminant Prism          Conj/Hex       11%        3d9       36%         4
 Iskenderun's Mystic Bla  Conj/Tloc      22%        2d6       36%         4


Dungeon Overview and Level Annotations

Branches:
Dungeon (3/15)

Altars:
Makhleb


Innate Abilities, Weirdness & Mutations

You cannot wear most types of armour.
You are amphibious.
You can wear up to eight rings at the same time.
Your skin changes colour to match your surroundings (Stealth+).
Your rubbery body absorbs attacks. (AC +1, EV +1)
((You are camouflaged near water. (Stealth+)))
You have tentacles for arms and can constrict up to eight enemies at once.


Message History

o - a silvery potion You now have 72 gold pieces (gained 19).
Things that are here:
a +0 club; a goblin corpse A bat comes into view.
A worm comes into view.
The helpless bat fails to defend itself.
You hit the bat. Your grab misses the bat.
The bat is moderately wounded.
The bat hits you but does no damage. You block the bat's attack.
The bat closely misses you.
You closely miss the bat. Your grab misses the bat.
The bat is moderately wounded.
The bat misses you. The bat hits you but does no damage.
The bat completely misses you.
You miss the bat. Your grab misses the bat. Your squeeze misses the bat.
The bat is moderately wounded.
The bat barely misses you. You block the bat's attack.
You hit the bat but do no damage. You grab the bat. You constrict the bat.
The bat hits you. The bat misses you.
You hit the bat.
You kill the bat!
Makhleb accepts your kill.
You feel better. The worm bites you!
You see here a bat corpse.
You barely miss the worm. You grab the worm. You constrict the worm.
You hit the worm but do no damage. You squeeze the worm.
The worm is lightly wounded.
You constrict the worm. The worm bites you!
You hit the worm. You squeeze the worm, but do no damage.
The worm is moderately wounded.
You constrict the worm. The worm bites you!
* * * LOW HITPOINT WARNING * * *
You hit the worm.
The worm is moderately wounded.
You constrict the worm. The worm bites you!
You die...

##.# ##..#... ##.##
#..#... ##...#
#..#... ##.#.###
#..#... ##.#.##.##
#...... ##.#.##.#.##
#...##+ ##.#.##.#.#.#
#.#. #. ##.#.##w#.# #
#. ##.#.##@#.### ..
##.#.##.#.##.## ..
##.#.##.#.##.#.##
##.#.##.#.##.#.#.##
##.#.##.#.##.#...#.##
#†#.##.#.##...)##.#.#
##.#.##.#...#.##.#†##
##.#.##.#.#.##.#.##
##.#.##.#.##.#.## ..


You could see a worm.

Vanquished Creatures
  3 adders
  A worm (D:3)
  4 dart slugs
  2 endoplasms
  4 goblins
  6 hobgoblins
  4 jackals (D:2)
  A quokka (D:2)
  8 ball pythons
  6 bats
  4 frilled lizards
  5 kobolds
  9 rats
57 creatures vanquished.

Notes
Turn   | Place    | Note
-------+----------+-------------------------------------------
     0 | D:1      | croobank the Octopode Conjurer began the quest for the Orb.
     0 | D:1      | Reached XP level 1. HP: 11/11 MP: 3/3
   455 | D:1      | Noticed a shining eye
   457 | D:1      | Found a faded altar of an unknown god.
   461 | D:1      | Reached XP level 2. HP: 17/17 MP: 1/5
   461 | D:1      | Noticed a golden eye
   461 | D:1      | Noticed an eye of devastation
   461 | D:1      | Noticed an eye of devastation
   471 | D:1      | Prayed at the altar of an unknown god.
   471 | D:1      | Became a worshipper of Makhleb the Destroyer
   471 | D:1      | Reached * piety under Makhleb
  1341 | D:2      | Reached XP level 3. HP: 11/21 MP: 6/6
  1480 | D:2      | Learned a level 2 spell: Searing Ray
  1484 | D:2      | Learned a level 3 spell: Dazzling Flash
  1767 | D:2      | Reached ** piety under Makhleb
  2221 | D:2      | Reached XP level 4. HP: 8/27 MP: 3/7
  3168 | D:3      | Mangled by a worm

Illustrated notes

Levels and vault maps discovered:
D:1:      heliophobic_arrival_henge, layout_basic,
          hellmonk_ecumenical_altar_watching_god
D:2:      layout_basic
D:3:      minmay_inner_zag, layout_basic, nzn_wu_jian_council_hall,
          gammafunk_ghost_stat_death, kennysheep_jessica_study, uniq_jessica

Skill      XL: |  1  2  3  4 |
---------------+-------------+-----
Stealth        | 3 4 |  4.1
Dodging        | |  2.8
Spellcasting   | |  2.7
Conjurations   | |  4.5

Action                   |  1- 3 |  4- 6 || total
-------------------------+-------+-------++-------
Melee: Staff             |    56 |    24 ||    80
       Unarmed           |     5 |       ||     5
       Constrict         |    16 |     6 ||    22
       Tentacles         |     8 |     4 ||    12
 Cast: Magic Dart        |    33 |    12 ||    45
       Searing Ray       |     1 |       ||     1
  Use: Scroll            |     1 |     1 ||     2
 Stab: Sleeping          |     4 |     3 ||     7
Armor: Skin              |     3 |     2 ||     5
Dodge: Dodged            |    56 |    10 ||    66
Block: Other             |     9 |     3 ||    12

Table legend: (Time is in decaauts)
 A = Elapsed time spent in this place.
 B = Non-inter-level travel time spent in this place.
 C = Inter-level travel time spent in this place.
 D = Time resting spent in this place.
 E = Time spent auto-exploring this place.
 F = Levels seen in this place.
 G = Mean time per level.
                   A        B        C        D        E       F      G
               +--------+--------+--------+--------+--------+-----+--------+
         Total |   3181 |   3082 |     99 |    696 |   1986 |   3 | 1060.3 |
       Dungeon |   3181 |   3082 |     99 |    696 |   1986 |   3 | 1060.3 |
               +--------+--------+--------+--------+--------+-----+--------+

Top non-repeatable levels by time:
     D:2: 1458 daAuts
     D:1: 1323 daAuts
     D:3: 399 daAuts
